 Dungeon Crawl Stone Soup version 0.21-a0-538-gd16b88a (webtiles) character file.

207087 Amnesiac the Metallomancer (level 18, -18/101 HPs)
             Began as a Deep Elf Earth Elementalist on Dec 16, 2017.
             Was a High Priest of Sif Muna.
             Killed from afar by a tengu reaver (51 damage)
             ... with a bolt of lightning
             ... on level 2 of the Depths.
             The game lasted 01:26:16 (31232 turns).

Amnesiac the Metallomancer (DEEE)                  Turns: 31232, Time: 01:26:16

Health: -18/101    AC: 10    Str:  5    XL:     18   Next: 46%
Magic:  13/46      EV: 18    Int: 32    God:    Sif Muna [*****.]
Gold:   2308       SH:  8    Dex: 15    Spells: 3/62 levels left

rFire    + . .     SeeInvis +   a - staff of earth
rCold    + . .     Gourm    .   h - +3 buckler
rNeg     + . .     Faith    .   k - +2 robe {rN+}
rPois    .         Spirit   .   g - +0 mask of the Dragon {MR+ Slay+3 SInv}
rElec    .         Reflect  .   n - scarf {rC+ rF+}
rCorr    .         Harm     +   o - +0 pair of gloves
MR       ++...                  c - +2 pair of boots {run}
Stlth    +++.......             y - amulet of harm
HPRegen  1.26/turn              V - +3 ring of intelligence
MPRegen  0.30/turn              O - ring of wizardry

@: very slightly contaminated, regenerating, divine energy, quick
A: antennae 1, beak, claws 1, yellow scales 1, screaming 1
a: Stop Divine Energy, Channel Magic, Forget Spell, Renounce Religion


You were on level 2 of the Depths.
You worshipped Sif Muna.
Sif Muna was extremely pleased with you.
You were not hungry.

You visited 5 branches of the dungeon, and saw 23 of its levels.
You also visited: Wizlab.

You collected 3023 gold pieces.
You spent 715 gold pieces at shops.

Inventory:

Hand Weapons
 b - the +3 Elemental Staff {rElec rF++ rC++ MR++ AC+5}
   (You acquired it on level 15 of the Dungeon)

   It affects your AC (+5).
   It greatly protects you from fire.
   It greatly protects you from cold.
   It insulates you from electricity.
   It affects your resistance to hostile enchantments.
 Z - a +6 blowgun
Missiles
 v - 276 stones (quivered)
 Q - 12 poisoned needles
 U - 7 needles of sleeping
 X - 7 curare-tipped needles
Armour
 c - a +2 pair of boots of running (worn)
 g - the +0 mask of the Dragon (worn) {MR+ Slay+3 SInv}
   (You found it on level 10 of the Dungeon)

   It affects your accuracy and damage with ranged weapons and melee attacks
   (+3).
   It affects your resistance to hostile enchantments.
   It lets you see invisible.
 h - a +3 buckler (worn)
 k - a +2 robe of positive energy (worn)
 n - a scarf of resistance (worn)
 o - a +0 pair of gloves (worn)
Magical Staves
 a - an uncursed staff of earth (weapon)
 w - an uncursed staff of energy
 M - an uncursed staff of conjuration
Jewellery
 y - an amulet of harm (around neck)
 G - the ring of Circularity {rElec rPois rC+ Dex+2 Stlth+}
   (You took it off a deep elf blademaster on level 3 of the Elven Halls)

   [ring of protection from cold]

   It affects your dexterity (+2).
   It protects you from cold.
   It insulates you from electricity.
   It protects you from poison.
   It makes you more stealthy.
 O - a ring of wizardry (right hand)
 S - an uncursed ring of resist corrosion
 V - a +3 ring of intelligence (left hand)
Wands
 s - a wand of acid (14)
 T - a wand of digging (23)
 Y - a wand of clouds (5)
Scrolls
 e - 8 scrolls of remove curse {!r}
 f - a scroll of enchant weapon {!r}
 m - 4 scrolls of magic mapping {!r}
 r - 3 scrolls of fog {!r}
 u - a scroll of enchant armour {!r}
 x - 10 scrolls of teleportation {!r}
 B - 2 scrolls of amnesia {!r}
 N - 3 scrolls of fear {!r}
 R - 4 scrolls of identify {!r}
Potions
 i - 4 potions of might {!q}
 l - 6 potions of heal wounds {!q}
 p - 2 potions of haste {!q}
 t - a potion of magic {!q}
 A - a potion of mutation {!q}
 C - 2 potions of lignification {!q}
 E - 9 potions of curing {!q}
 F - 5 potions of flight {!q}
 H - 2 potions of cancellation {!q}
 J - 2 potions of invisibility {!q}
Comestibles
 d - 10 bread rations
 j - a chunk of flesh
 z - 6 meat rations


   Skills:
 - Level 7.0 Fighting
 + Level 3.3 Staves
 - Level 9.0 Dodging
 - Level 4.0 Stealth
 - Level 4.5 Shields
 + Level 22.9 Spellcasting
 - Level 4.0 Conjurations
 - Level 4.0 Transmutations
 * Level 23.2 Earth Magic
 - Level 8.0 Invocations


You had 3 spell levels left.
You knew the following spells:

 Your Spells              Type           Power        Failure   Level  Hunger
a - Iron Shot             Conj/Erth      ########..   1%          6    None
b - Passwall              Tmut/Erth      ########..   0%          2    None
c - Sandblast             Erth           ######       0%          1    None
d - Lee's Rapid Deconstr  Erth           ########..   0%          5    None
e - Lehudib's Crystal Sp  Conj/Erth      ########..   8%          8    ###....
f - Summon Butterflies    Summ           #####...     1%          1    None
g - Irradiate             Conj/Tmut      ######....   1%          5    None
h - Deflect Missiles      Chrm/Air       #####.....   43%         6    None
i - Controlled Blink      Tloc           N/A          100%        8    ###....
q - Ozocubu's Armour      Chrm/Ice       #####...     1%          3    None
r - Regeneration          Chrm/Necr      #####.....   1%          3    None
v - Blink                 Tloc           N/A          1%          2    None
w - Shatter               Erth           ########..   2%          9    #####..


Dungeon Overview and Level Annotations

Branches:
Dungeon (15/15)            Temple (1/1) D:6            Lair (0/6) D:9
    Orc (2/2) D:9             Elf (3/3) Orc:2        Vaults (0/5) D:14
 Depths (2/5) D:15

Altars:
Ashenzari
Cheibriados
Dithmenos
Elyvilon
Fedhas
Gozag
Hepliaklqana
Kikubaaqudgha
Makhleb
Nemelex Xobeh
Okawaru
Qazlal
Ru
Sif Muna
Trog
Uskayaw
Vehumet
Wu Jian
Xom
Yredelemnul
Zin
The Shining One
Beogh

Shops:
Orc:2 ([*:   Elf:1 (   Elf:3 ?!:

Portals:
Hell: Depths:1
Abyss: Depths:1
Ziggurat: Depths:1

Annotations:
D:8 6 transporters


Innate Abilities, Weirdness & Mutations

You have a pair of small antennae on your head.
You have a beak for a mouth.
You have sharp fingernails.
You are partially covered in yellow scales. (AC +2)
You occasionally shout uncontrollably at your foes.


Message History

Aiming: Lehudib's Crystal Spear
Press: ? - help, Shift-Dir - straight line, f - tengu conjurer
Aim: a tengu conjurer You feel a surge of power!
The crystal spear hits the tengu conjurer.
You kill the tengu conjurer!
Sif Muna accepts your kill.
You are feeling hungry.
Unknown command.
Casting: Lehudib's Crystal Spear
Confirm with . or Enter, or press ? or * to list all spells.
You feel a surge of power!
The dungeon rumbles!
The tengu reaver is lightly wounded.
Ka-crash!
You hear an angry hiss.
You hear a shout! x5
Okay, then.
Really read
q - a scroll of blinking {!r}?
Blink to where?
Press: ? - help, Dir - move target cursor You are very lightly contaminated with residual magic.
As you read the scroll of blinking {!r}, it crumbles to dust.
Press: ? - help, v - describe, . - travel
Here: a tengu warrior, wielding a long sword of electrocution, wearing a ring mail and wearing a shield (hasn't noticed you)
The floor.
Unknown command.
Eat one of 2 chunks of flesh? (ye/n/q)
You eat one of the 2 chunks of flesh.
This raw flesh tastes terrible.
Casting: Shatter
Confirm with . or Enter, or press ? or * to list all spells.
You can't see any susceptible monsters within range! (Use Z to cast anyway.)
Casting: Shatter
Confirm with . or Enter, or press ? or * to list all spells.
Your skin crawls.
You feel somewhat more hungry.
Casting: Regeneration
Confirm with . or Enter, or press ? or * to list all spells.
Aiming: Lehudib's Crystal Spear
Press: ? - help, Shift-Dir - straight line, f - tengu warrior
Aim: a tengu warrior, wielding a long sword of electrocution, wearing a ring mail and wearing a shield You feel a surge of power!
The tengu warrior blocks the crystal spear.
Unknown command.
Okay, then.
Really read
N - 4 scrolls of fear {!r}?
As you read the scroll of fear {!r}, it crumbles to dust.
You assume a fearsome visage.
The tengu warrior looks frightened!
The tengu reaver looks frightened!
Casting: Lehudib's Crystal Spear
Confirm with . or Enter, or press ? or * to list all spells.
Aiming: Lehudib's Crystal Spear
Press: ? - help, Shift-Dir - straight line, f/p - tengu warrior
Aim: a tengu warrior, wielding a long sword of electrocution, wearing a ring mail and wearing a shield (fleeing)
You feel a surge of power!
The crystal spear hits the tengu warrior.
You kill the tengu warrior!
Sif Muna accepts your kill.
You feel less invigorated.
Things that are here:
a long sword of electrocution; a ring mail; a shield There isn't anything to butcher here.
The tengu reaver points at you and mumbles some strange words.
The bolt of lightning hits you!
Ouch! That really hurt!
You die...

##§.........##.......#.....≈§...#
≈§§#.....Q..#................≈.##
§.........................##.≈§..
.........≈........§........#§≈§..
.........§≈......≈...........≈§..
...#............§≈§.#......#§§...
§≈≈#................##.....#.....
≈###.........)...##..........§...
##...##.........@..).............
.#..###..............##..........
#....#####........#####....###...
##....# ##.......## #######....
#....## #.##.....# #..... ##..##
###.....## ###... ##.# #...###
#### ### ##.## # ###


You could see a tengu reaver.

Vanquished Creatures
  An ancient lich (WizLab)
  Saint Roka (Orc:2)
  2 liches
  Rupert (D:15)
  A deep elf master archer (Elf:3)
  A deep elf blademaster (Elf:3)
  A sphinx (Depths:2)
  2 ancient champions (WizLab)
  Frances (D:14)
  A fire giant (Depths:1)
  An orc warlord (Orc:2)
  Aizul (Depths:1)
  5 deep elf sorcerers
  Louise (D:15)
  2 angels (Depths:1)
  6 deep elf elementalists (Elf:3)
  A stone giant (Depths:1)
  A vampire knight (Depths:1)
  4 deep elf demonologists
  7 deep elf annihilators (Elf:3)
  6 deep elf death magi (Elf:3)
  3 ettins
  3 fire dragons
  5 deep elf high priests
  2 yaktaur captains (Depths:1)
  A great orb of eyes (Depths:2)
  2 hydras
  2 jiangshi (Depths:2)
  4 vault guards (D:14)
  3 ice dragons
  Erolcha (Orc:1)
  An anaconda (shapeshifter) (Depths:1)
  8 two-headed ogres
  Erica (D:9)
  6 centaur warriors
  4 tengu warriors
  2 deep troll earth magi (Depths:1)
  5 orc high priests
  30 dancing weapons
  Nergalle (Orc:1)
  A vampire mage (Depths:2)
  Sonja (D:15)
  12 hell knights (Depths:1)
  A golden dragon zombie (Depths:1)
  A sea snake (shapeshifter) (Depths:1)
  8 skeletal warriors (WizLab)
  21 deep elf knights
  A spark wasp zombie (Depths:1)
  2 unseen horrors
  An orange crystal statue (Elf:2)
  20 deep elf archers
  2 wizards
  4 deep trolls (Depths:1)
  A tengu zombie (Depths:1)
  52 deep elf magi
  5 necromancers
  4 orc knights
  A manticore (D:11)
  9 orc sorcerers
  17 ugly things
  4 cyclopes
  Maurice (D:12)
  2 gargoyles
  3 naga magi (D:15)
  A komodo dragon (D:9)
  A rime drake (shapeshifter) (Depths:1)
  A komodo dragon (shapeshifter) (Elf:2)
  11 yaktaurs
  2 kobold demonologists
  2 tengu conjurers (Depths:2)
  3 meliai (D:13)
  10 trolls
  A troll (shapeshifter) (Depths:1)
  A wolf spider simulacrum (D:15)
  2 hornets
  9 slime creatures
  4 hippogriffs
  2 meliai zombies
  2 air elementals
  An ettin skeleton (Depths:1)
  6 water elementals
  A wyvern (D:14)
  3 shadows
  5 vampires
  22 yaks
  3 wraiths
  A hog (shapeshifter) (Depths:1)
  A steam dragon (D:13)
  2 fire elementals
  A human (D:8)
  A hungry ghost (D:14)
  4 hogs (D:8)
  2 wargs (Orc:1)
  Menkaure (D:6)
  Edmund (D:4)
  5 two-headed ogre zombies (WizLab)
  2 water moccasins
  Duvessa (D:5)
  An acid dragon (D:14)
  33 orc warriors
  A hornet zombie (D:13)
  4 ice beasts
  A tengu skeleton (Depths:1)
  A black bear (D:11)
  8 phantoms
  2 sky beasts
  An eye of draining (shapeshifter) (D:14)
  12 ogres
  10 centaurs
  A crocodile (D:14)
  5 big kobolds
  11 bullfrogs
  An earth elemental (Elf:1)
  A wyvern skeleton (D:12)
  4 scorpions
  Dowan (D:5)
  8 troll zombies (WizLab)
  7 killer bees
  3 howler monkeys
  24 wights
  7 crimson imps
  3 bullfrog zombies
  6 centaur zombies
  7 hounds
  4 jellies
  23 orc priests
  6 centaur skeletons
  39 orc wizards
  Terence (D:3)
  4 iguanas
  Ijyb (D:5)
  14 worker ants
  4 ogre zombies (WizLab)
  3 hound zombies
  3 worker ant zombies
  13 adders
  A howler monkey skeleton (D:9)
  A river rat (shapeshifter) (Elf:1)
  3 shadow imps
  3 oozes
  2 adder skeletons
  4 worms
  4 dart slugs
  4 leopard geckos
  102 orcs
  2 ball pythons
  8 giant cockroaches
  6 goblins
  15 hobgoblins
  15 jackals
  11 kobolds
  3 quokkas
  7 bats
  6 frilled lizards
  2 quokka zombies
  6 rats
  23 bushes (Depths:2)
926 creatures vanquished.

Vanquished Creatures (others)
  A deep elf knight (Elf:1)
  A deep elf mage (Elf:2)
  An orc warrior (D:8)
  4 orcs (D:8)
  2 kobolds (D:8)
  7 plants
16 creatures vanquished.

Grand Total: 942 creatures vanquished

Notes
Turn   | Place    | Note
-------+----------+-------------------------------------------
     0 | D:1      | Amnesiac the Deep Elf Earth Elementalist began the quest for the Orb.
     0 | D:1      | Reached XP level 1. HP: 10/10 MP: 6/6
   140 | D:1      | Reached XP level 2. HP: 16/16 MP: 6/8
   144 | D:1      | Learned a level 2 spell: Passwall
   151 | D:1      | Reached skill level 1 in Fighting
   373 | D:1      | Reached XP level 3. HP: 19/20 MP: 8/10
   777 | D:2      | Learned a level 3 spell: Stone Arrow
  1004 | D:2      | Reached XP level 4. HP: 22/26 MP: 2/11
  1091 | D:2      | Reached skill level 4 in Earth Magic
  1607 | D:3      | Reached skill level 1 in Shields
  1612 | D:3      | Reached XP level 5. HP: 20/31 MP: 2/13
  1686 | D:3      | Found a sparkling altar of Nemelex Xobeh.
  1856 | D:3      | Noticed Terence
  1898 | D:3      | Learned a level 4 spell: Petrify
  2025 | D:4      | Noticed an ogre
  2029 | D:4      | Killed an ogre
  2029 | D:4      | Reached XP level 6. HP: 29/36 MP: 6/14
  2340 | D:4      | Noticed an orc warrior
  2427 | D:3      | Reached XP level 7. HP: 34/40 MP: 10/15
  2539 | D:3      | Found a shadowy altar of Dithmenos.
  2927 | D:4      | Noticed Edmund
  3133 | D:3      | Killed Terence
  3732 | D:4      | Reached skill level 1 in Conjurations
  3888 | D:5      | Entered Level 5 of the Dungeon
  3922 | D:5      | Reached skill level 5 in Earth Magic
  3932 | D:5      | Gained mutation: You have a beak for a mouth. [potion of mutation]
  3932 | D:5      | Gained mutation: You have sharp fingernails. [potion of mutation]
  3932 | D:5      | Gained mutation: You have sharp toenails. [potion of mutation]
  3939 | D:5      | Noticed Dowan
  3964 | D:5      | Killed Dowan
  3977 | D:5      | Reached XP level 8. HP: 25/45 MP: 1/16
  4090 | D:5      | Noticed Ijyb
  4234 | D:5      | Killed Ijyb
  4274 | D:5      | Noticed Duvessa
  4296 | D:5      | Killed Duvessa
  4578 | D:6      | Got a pair of slimy boots
  4590 | D:6      | Identified the +0 pair of boots of Spite {rC+} (You found it on level 6 of the Dungeon)
  4663 | D:6      | Noticed Menkaure
  4666 | D:6      | Killed Menkaure
  4944 | D:6      | Found a staircase to the Ecumenical Temple.
  5300 | D:6      | Learned a level 5 spell: Lee's Rapid Deconstruction
  5355 | D:6      | Reached skill level 5 in Fighting
  5363 | D:6      | Reached skill level 5 in Dodging
  5608 | Temple   | Entered the Ecumenical Temple
  5669 | Temple   | Became a worshipper of Sif Muna the Loreminder
  5795 | D:4      | Killed Edmund
  5843 | D:6      | Reached XP level 9. HP: 54/54 MP: 9/17
  6201 | D:7      | Reached skill level 6 in Earth Magic
  6207 | D:7      | Gained mutation: Your mind is acute. (Int +2) [mutagenic meat]
  6208 | D:7      | Gained mutation: Your magical capacity is low. (-10% MP) [mutagenic meat]
  6214 | D:7      | Reached skill level 5 in Spellcasting
  6335 | D:7      | Found an opulent altar of Gozag.
  6380 | D:7      | Reached * piety under Sif Muna
  6526 | D:7      | Found a sacrificial altar of Ru.
  6589 | D:7      | Found a snail-covered altar of Cheibriados.
  6695 | D:7      | Reached skill level 7 in Earth Magic
  6793 | D:7      | Found an ornate altar of the Wu Jian Council.
  6852 | D:7      | Found a glowing golden altar of the Shining One.
  6852 | D:7      | Found a shattered altar of Ashenzari.
  6858 | D:7      | Found a bloodstained altar of Trog.
  6858 | D:7      | Found a shimmering altar of Xom.
  6878 | D:8      | Identified a paperback manual
  7429 | D:8      | Found a transporter.
  7439 | D:8      | Noticed a two-headed ogre
  7506 | D:9      | Noticed a two-headed ogre
  7658 | D:10     | Entered Level 10 of the Dungeon
  7724 | D:10     | Reached skill level 8 in Earth Magic
  7768 | D:10     | Found the +0 mask of the Dragon {MR+ Slay+3 SInv}
  7914 | D:10     | Reached ** piety under Sif Muna
  8130 | D:10     | Reached skill level 9 in Earth Magic
  8346 | D:10     | Reached XP level 10. HP: 59/59 MP: 8/21
  8716 | D:9      | Reached skill level 10 in Earth Magic
  8778 | D:9      | Found an ancient bone altar of Kikubaaqudgha.
  8785 | D:9      | Killed a two-headed ogre
  8785 | D:9      | Reached *** piety under Sif Muna
  9032 | D:8      | Learned a level 3 spell: Regeneration
  9036 | D:8      | Found a radiant altar of Vehumet.
  9371 | D:8      | Reached skill level 11 in Earth Magic
 10196 | D:8      | Noticed an eight-headed hydra
 10200 | D:8      | Killed an eight-headed hydra
 10200 | D:8      | Reached **** piety under Sif Muna
 10200 | D:8      | Reached skill level 10 in Spellcasting
 10200 | D:8      | Reached XP level 11. HP: 64/64 MP: 1/24
 10202 | D:8      | Noticed a two-headed ogre
 10202 | D:8      | Killed a two-headed ogre
 10202 | D:8      | Reached skill level 12 in Earth Magic
 10440 | D:8      | Learned a level 3 spell: Ozocubu's Armour
 10450 | D:8      | Found a transporter.
 10450 | D:8      | Found a transporter.
 10453 | D:8      | Found a transporter.
 10454 | D:8      | Found a transporter.
 10454 | D:8      | Found a transporter.
 10466 | D:8      | Got a warped steel ring
 10482 | D:8      | Identified the ring of Cuikaghuodea {*Corrode +Fly Str+3 Int+4 Stlth-} (You found it on level 8 of the Dungeon)
 10564 | D:8      | Killed a two-headed ogre
 10754 | D:9      | Found a staircase to the Orcish Mines.
 10757 | D:9      | Noticed Erica
 10763 | D:9      | Killed Erica
 11011 | D:9      | Found a roughly hewn altar of Beogh.
 11289 | D:9      | Found a staircase to the Lair.
 11399 | D:9      | Reached skill level 13 in Earth Magic
 11976 | D:11     | Reached ***** piety under Sif Muna
 12034 | D:11     | Noticed a two-headed ogre
 12043 | D:11     | Killed a two-headed ogre
 12043 | D:11     | Identified Sif Muna's Handbook of the Doomed Oath (Sif Muna gifted it to you on level 11 of the Dungeon)
 12043 | D:11     | Received a gift from Sif Muna
 12184 | D:11     | Noticed an unseen horror
 12187 | D:11     | Killed an unseen horror
 12225 | D:11     | Reached skill level 14 in Earth Magic
 12494 | D:11     | Noticed a centaur warrior
 12616 | D:11     | Killed a centaur warrior
 12616 | D:11     | Reached XP level 12. HP: 68/68 MP: 6/27
 13047 | D:11     | Gained mutation: You are somewhat resistant to further mutation. [mutagenic meat]
 13752 | D:12     | Noticed an eight-headed hydra
 13756 | D:12     | Killed an eight-headed hydra
 13808 | D:12     | Reached skill level 15 in Earth Magic
 14056 | D:12     | Noticed Maurice
 14060 | D:12     | Killed Maurice
 14185 | D:12     | Identified Sif Muna's Guide on Unstable Transmutation (Sif Muna gifted it to you on level 12 of the Dungeon)
 14185 | D:12     | Received a gift from Sif Muna
 15300 | D:13     | Noticed a two-headed ogre
 15303 | D:13     | Killed a two-headed ogre
 15313 | D:13     | Noticed a tengu warrior
 15329 | D:13     | Killed a tengu warrior
 15329 | D:13     | Reached skill level 16 in Earth Magic
 15666 | D:13     | Noticed a two-headed ogre
 15668 | D:13     | Killed a two-headed ogre
 15680 | D:13     | Reached XP level 13. HP: 64/74 MP: 13/29
 16060 | D:14     | Noticed Frances
 16466 | D:14     | Learned a level 6 spell: Iron Shot
 16615 | D:14     | Killed Frances
 16759 | D:14     | Found a gate to the Vaults.
 16763 | D:14     | Identified Sif Muna's Compendium of Shape Shifting (Sif Muna gifted it to you on level 14 of the Dungeon)
 16763 | D:14     | Received a gift from Sif Muna
 16765 | D:14     | Reached skill level 17 in Earth Magic
 17010 | D:15     | Entered Level 15 of the Dungeon
 17010 | D:15     | Noticed Sonja
 17012 | D:15     | Killed Sonja
 17293 | D:15     | Reached skill level 15 in Spellcasting
 17342 | D:15     | Gained mutation: You have a pair of small antennae on your head. [mutagenic meat]
 17343 | D:15     | Gained mutation: Your spells are a little easier to cast, but a little less powerful. [mutagenic meat]
 17349 | D:15     | Lost mutation: Your spells are a little easier to cast, but a little less powerful. [potion of mutation]
 17349 | D:15     | Lost mutation: Your mind is acute. (Int +2) [potion of mutation]
 17349 | D:15     | Lost mutation: You are somewhat resistant to further mutation. [potion of mutation]
 17349 | D:15     | Lost mutation: Your magical capacity is low. (-10% MP) [potion of mutation]
 17349 | D:15     | Lost mutation: You have sharp toenails. [potion of mutation]
 17349 | D:15     | Gained mutation: You are partially covered in yellow scales. (AC +2) [potion of mutation]
 17600 | D:15     | Noticed Rupert
 17608 | D:15     | Killed Rupert
 17630 | D:15     | Reached skill level 18 in Earth Magic
 18055 | D:15     | Noticed Louise
 18062 | D:15     | Killed Louise
 18062 | D:15     | Identified Sif Muna's Compendium of Confrontation and Feathers (Sif Muna gifted it to you on level 15 of the Dungeon)
 18062 | D:15     | Received a gift from Sif Muna
 18062 | D:15     | Reached XP level 14. HP: 80/80 MP: 25/35
 18148 | D:15     | Found a staircase to the Depths.
 18161 | D:15     | Identified a scroll of acquirement {!r}
 18179 | D:15     | Found the +3 Elemental Staff {rElec rF++ rC++ MR++ AC+5}
 18234 | Depths:1 | Entered Level 1 of the Depths
 18234 | Depths:1 | Noticed a stone giant
 18549 | Orc:1    | Entered Level 1 of the Orcish Mines
 18599 | Orc:1    | Found a roughly hewn altar of Beogh.
 18625 | Orc:1    | Noticed Erolcha
 18627 | Orc:1    | Killed Erolcha
 18759 | Orc:1    | Noticed Nergalle
 18763 | Orc:1    | Killed Nergalle
 19142 | Orc:2    | Entered Level 2 of the Orcish Mines
 19323 | Orc:2    | Found a staircase to the Elven Halls.
 19653 | Orc:2    | Reached skill level 19 in Earth Magic
 19686 | Orc:2    | Received a gift from Sif Muna
 19747 | Orc:2    | Reached skill level 1 in Invocations
 20300 | Orc:2    | Learned a level 5 spell: Irradiate
 20315 | Orc:2    | Noticed an orc warlord
 20318 | Orc:2    | Killed an orc warlord
 20318 | Orc:2    | Reached skill level 5 in Invocations
 20718 | Orc:2    | Noticed Saint Roka
 20786 | Orc:2    | Killed Saint Roka
 21239 | Orc:2    | Found Riuruzyo's General Store.
 21240 | Orc:2    | Found Vemiebbur's Book Shoppe.
 21241 | Orc:2    | Found Cohoiq's Antique Armour Shoppe.
 21241 | Orc:2    | Found Wuab's Antique Weapon Emporium.
 21336 | Orc:2    | Bought a book of the Earth for 715 gold pieces
 21346 | Orc:2    | Learned a level 9 spell: Shatter
 21397 | Elf:1    | Entered Level 1 of the Elven Halls
 21494 | Elf:1    | Reached XP level 15. HP: 84/84 MP: 6/37
 21588 | Elf:1    | Identified Sif Muna's Collected Works on Ashen Beguiling (Sif Muna gifted it to you on level 1 of the Elven Halls)
 21588 | Elf:1    | Received a gift from Sif Muna
 21633 | Elf:1    | Found Libudd's Antique Weapon Shop.
 21641 | Elf:1    | Found a magical portal.
 21655 | WizLab   | Entered Zonguldrok's Shrine
 21676 | WizLab   | Noticed an ancient champion
 21682 | WizLab   | Killed an ancient champion
 21905 | WizLab   | HP: 4/84 [skeletal warrior/antimagic halberd (34)]
 21912 | WizLab   | Reached skill level 20 in Earth Magic
 22042 | WizLab   | Noticed an ancient champion
 22058 | WizLab   | Killed an ancient champion
 22291 | WizLab   | Found the +9 sword of Zonguldrok {reap}
 22401 | WizLab   | Noticed an antique lich
 22404 | WizLab   | Killed an antique lich
 22751 | Elf:1    | Noticed a deep elf sorcerer
 22753 | Elf:1    | Killed a deep elf sorcerer
 22852 | Elf:1    | Learned a level 2 spell: Blink
 22878 | Elf:1    | Received a gift from Sif Muna
 22970 | Elf:1    | Reached skill level 21 in Earth Magic
 23227 | Elf:1    | Reached XP level 16. HP: 81/88 MP: 13/40
 23262 | Elf:1    | Got a warped quarterstaff {vamp}
 24585 | Elf:2    | Found an ancient bone altar of Kikubaaqudgha.
 24875 | Elf:2    | Identified Sif Muna's Compendium of Excruciating Aid (Sif Muna gifted it to you on level 2 of the Elven Halls)
 24875 | Elf:2    | Received a gift from Sif Muna
 24875 | Elf:2    | Reached skill level 22 in Earth Magic
 24885 | Elf:2    | Learned a level 6 spell: Deflect Missiles
 24896 | Elf:2    | Learned a level 8 spell: Lehudib's Crystal Spear
 24902 | Elf:2    | Found a large runed door.
 24902 | Elf:2    | Found a large runed door.
 24917 | Elf:2    | Found a large runed door.
 24917 | Elf:2    | Found a large runed door.
 25818 | Elf:3    | Entered Level 3 of the Elven Halls
 26117 | Elf:3    | Reached XP level 17. HP: 93/93 MP: 23/44
 26281 | Elf:3    | Received a gift from Sif Muna
 26539 | Elf:3    | Noticed a deep elf master archer
 26540 | Elf:3    | Killed a deep elf master archer
 26912 | Elf:3    | Noticed a deep elf blademaster
 26913 | Elf:3    | Killed a deep elf blademaster
 26976 | Elf:3    | Got a diamond-studded chain mail
 26976 | Elf:3    | Got a scorched iron ring
 27104 | Elf:3    | Found the +6 arbalest "Damnation" {damnation}
 27104 | Elf:3    | Identified Sif Muna's Collected Works on Enchantment
 27133 | Elf:3    | Got a translucent glaive
 27139 | Elf:3    | Got an iridescent hand crossbow
 27148 | Elf:3    | Identified the Catalogue of the Virous Mountains
 27162 | Elf:3    | Identified the ring of Circularity {rElec rPois rC+ Dex+2 Stlth+} (You took it off a deep elf blademaster on level 3 of the Elven Halls)
 27181 | Elf:3    | Identified a +1 pair of boots of running (You acquired it on level 3 of the Elven Halls)
 27351 | Elf:3    | Found Sumn's Distillery.
 27538 | Elf:3    | Found Orchae's Magic Scroll Shoppe.
 27673 | Elf:3    | Found Ubauph's Book Boutique.
 28663 | Depths:1 | Received a gift from Sif Muna
 29296 | Depths:1 | Learned a level 1 spell: Summon Butterflies
 29305 | Depths:1 | Learned a level 8 spell: Controlled Blink
 29407 | Depths:1 | Reached XP level 18. HP: 101/101 MP: 15/46
 29525 | Depths:1 | Found a gateway to a ziggurat.
 29733 | Depths:1 | Found a gateway to Hell.
 29970 | Depths:1 | Noticed a lich
 29971 | Depths:1 | Killed a lich
 29971 | Depths:1 | Reached skill level 1 in Staves
 29981 | Depths:1 | Noticed Aizul
 29982 | Depths:1 | Killed Aizul
 30174 | Depths:1 | Reached skill level 23 in Earth Magic
 30197 | Depths:1 | Gained mutation: You are dopey. (Int -2) [mutagenic meat]
 30199 | Depths:1 | Gained mutation: You occasionally shout uncontrollably at your foes. [mutagenic meat]
 30201 | Depths:1 | Lost mutation: You are dopey. (Int -2) [mutagenic meat]
 30513 | Depths:1 | Found a one-way gate to the infinite horrors of the Abyss.
 30724 | Depths:2 | Noticed a lich
 30725 | Depths:2 | Killed a lich
 31232 | Depths:2 | Killed from afar by a tengu reaver

Vault maps used:
D:1:      dpeg_arrival_long_road
D:2:      first_bread, minmay_misc_feat_ornament
D:3:      nicolae_dithmenos_shadow_blocks, lemuel_crystal_altar, uniq_terence
D:4:      kennysheep_big_flooded_room, uniq_edmund
D:5:      uniq_ijyb, uniq_duvessa
D:6:      temple_fountains, uniq_menkaure
D:7:      nicolae_overflow_hidden_temple, lemuel_round_altar,
          nicolae_gozag_seed_capital, cheibrodos_worm_habitat, st_stairs_5
D:8:      gammafunk_the_bubble, fiery_altar_vehumet, grunt_livestock
D:9:      lemuel_crystal_altar, david_lair_shrubbed,
          minmay_orc_entry_temple_small, uniq_erica
D:11:     hangedman_cross_cluster, minmay_radiant
D:12:     uniq_maurice
D:14:     lightli_vaults_fourway_checkpoint, minmay_fountain_box, uniq_frances
D:15:     grunt_enter_depths_magical_seal, minivault_14, uniq_louise,
          uniq_rupert, uniq_sonja
Temple:   eino_wide_crystal_templ
Orc:1:    mines1_david, uniq_erolcha, uniq_nergalle
Orc:2:    st_orc_congregation, uniq_saint_roka
Elf:1:    eino_elf_arrival_sip, serial_shops, shop,
          lightli_enter_wizlab_magi_temple, orc_legates
Elf:2:    basic_altar, minivault_16
Elf:3:    minmay_elf_hall_statues, serial_shops, shop, shop_statue,
          nicolae_shop_statue_plus, grunt_ministairs_7
Depths:1: enter_ziggurat_c, marbit_kobold_abyss_entry, serial_bayou_pond_b,
          grunt_metal_band, hangedman_decor_slide_cut, hex_medium,
          hangedman_decor_clover_reticule, serial_sigils_hangedman_carve,
          minmay_misc_feat_rows, hangedman_abyss_or_decor_lesser_grid,
          minmay_curled_crystal, uniq_aizul
Depths:2: cheibrodos_birdhouse, hangedman_geh_valley, minmay_hedge_maze,
          chequers_big_river, uniq_nikola
WizLab:   wizlab_zonguldrok

Skill      XL: |  1  2  3  4  5  6  7  8  9 10 11 12 13 14 15 16 17 18 |
---------------+-------------------------------------------------------+-----
Fighting       | 1 2 5 6 7 |  7.0
Earth Magic    | 4 5 9 11 14 16 18 19 21 22 23 | 23.2
Spellcasting   | 4 7 10 12 14 15 16 18 21 22 | 22.9
Shields        | 1 3 4 |  4.5
Dodging        | 3 5 6 8 9 |  9.0
Conjurations   | 3 4 |  4.0
Transmutations | 3 4 |  4.0
Stealth        | 3 4 |  4.0
Invocations    | 7 8 |  8.0
Staves         | 3 |  3.3

Action                   |  1- 3 |  4- 6 |  7- 9 | 10-12 | 13-15 | 16-18 || total
-------------------------+-------+-------+-------+-------+-------+-------++-------
Melee: Unarmed           |     5 |     2 |       |       |       |       ||     7
       Short sword       |       |       |    95 |     3 |    19 |       ||   117
       Peck              |       |       |     6 |     1 |     7 |     1 ||    15
       Staff             |       |       |       |       |    54 |     7 ||    61
 Cast: Sandblast         |    59 |   100 |   107 |       |    12 |     1 ||   279
       Petrify           |       |     3 |    15 |     5 |     7 |       ||    30
       Passwall          |       |     2 |     1 |       |     4 |     1 ||     8
       Stone Arrow       |       |       |   105 |   234 |    72 |       ||   411
       Lee's Rapid Decon |       |       |     9 |    76 |    57 |    71 ||   213
       Iron Shot         |       |       |       |       |   175 |    89 ||   264
       Shatter           |       |       |       |       |    31 |    83 ||   114
       Ozocubu's Armour  |       |       |       |       |     1 |     1 ||     2
       Regeneration      |       |       |       |       |     2 |     5 ||     7
       Deflect Missiles  |       |       |       |       |       |     2 ||     2
       Blink             |       |       |       |       |       |     1 ||     1
       Lehudib's Crystal |       |       |       |       |       |     6 ||     6
       Summon Butterflie |       |       |       |       |       |     1 ||     1
Invok: Divine Energy     |       |       |     1 |       |       |       ||     1
       Channel Magic     |       |       |       |       |    10 |    10 ||    20
       Forget Spell      |       |       |       |       |       |     1 ||     1
  Use: Potion            |       |       |     8 |     3 |     5 |     2 ||    18
       Scroll            |       |       |       |    21 |     5 |    15 ||    41
 Stab: Petrified         |       |       |    36 |       |       |       ||    36
       Petrifying        |       |       |     1 |       |       |       ||     1
       Sleeping          |       |       |     2 |       |       |       ||     2
       Distracted        |       |       |     1 |       |       |       ||     1
  Eat: Chunk             |       |     5 |    20 |    30 |    35 |    20 ||   110
       Royal jelly       |       |       |     1 |       |     3 |     6 ||    10
       Bread ration      |       |       |     1 |     1 |     1 |       ||     3
       Fruit             |       |       |       |       |     7 |     4 ||    11
       Meat ration       |       |       |       |       |       |     2 ||     2
Armor: Robe              |     4 |     6 |    27 |    20 |    43 |    17 ||   117
       Skin              |       |       |       |       |    14 |       ||    14
Dodge: Dodged            |    12 |    24 |   133 |    62 |   100 |    49 ||   380
       Deflected         |       |       |       |       |     9 |    19 ||    28
Block: Buckler           |     1 |     6 |    43 |    25 |    49 |    19 ||   143

Table legend:
 A = Spawn XP
 B = Non-spawn XP
 C = Spawn XP percentage of total XP
 D = Spawn monster count
 E = Non-spawn monster count
 F = Spawn count percentage of total count
 G = Total turns spent on level
                    A         B        C        D         E        F      G
               +---------+---------+-------+---------+---------+-------+---------
         Total |       0 |  330218 |   0.0 |       0 |     905 |   0.0 | 31232
               +---------+---------+-------+---------+---------+-------+---------
           D:1 |       0 |      53 |   0.0 |       0 |      28 |   0.0 |   772
           D:2 |       0 |      95 |   0.0 |       0 |      30 |   0.0 |   765
           D:3 |       0 |     240 |   0.0 |       0 |      44 |   0.0 |  1146
           D:4 |       0 |     698 |   0.0 |       0 |      21 |   0.0 |  1377
           D:5 |       0 |     873 |   0.0 |       0 |      26 |   0.0 |   601
           D:6 |       0 |    1040 |   0.0 |       0 |      20 |   0.0 |  1455
           D:7 |       0 |     695 |   0.0 |       0 |      17 |   0.0 |   793
           D:8 |       0 |    5612 |   0.0 |       0 |      36 |   0.0 |  2310
           D:9 |       0 |    3723 |   0.0 |       0 |      27 |   0.0 |  1221
          D:10 |       0 |    3844 |   0.0 |       0 |      33 |   0.0 |  1460
          D:11 |       0 |    7897 |   0.0 |       0 |      38 |   0.0 |  1942
          D:12 |       0 |    6218 |   0.0 |       0 |      35 |   0.0 |  1370
          D:13 |       0 |    8246 |   0.0 |       0 |      27 |   0.0 |  1159
          D:14 |       0 |   10196 |   0.0 |       0 |      27 |   0.0 |   993
          D:15 |       0 |   19382 |   0.0 |       0 |      38 |   0.0 |  2104
         Orc:1 |       0 |    5340 |   0.0 |       0 |      20 |   0.0 |   825
         Orc:2 |       0 |   20910 |   0.0 |       0 |     118 |   0.0 |  2047
         Elf:1 |       0 |   45368 |   0.0 |       0 |      77 |   0.0 |  2123
         Elf:2 |       0 |   42154 |   0.0 |       0 |      60 |   0.0 |  2072
         Elf:3 |       0 |   57727 |   0.0 |       0 |      55 |   0.0 |  1460
      Depths:1 |       0 |   48783 |   0.0 |       0 |      68 |   0.0 |  2052
      Depths:2 |       0 |   17799 |   0.0 |       0 |      22 |   0.0 |   271
        WizLab |       0 |   23325 |   0.0 |       0 |      38 |   0.0 |   841
               +---------+---------+-------+---------+---------+-------+---------
